 Dungeon Crawl Stone Soup version 0.19.4-9-g45fd643 (webtiles) character file.

10433 doot the Spear-Bearer (level 11, -11/106 HPs)
             Began as a Yellow Draconian Chaos Knight on Feb 18, 2017.
             Mangled by a fire crab (14 damage)
             ... on level 10 of the Dungeon.
             The game lasted 00:57:10 (14663 turns).

doot the Spear-Bearer (DrCK)                       Turns: 14663, Time: 00:57:12

Health: -11/106    AC:  8    Str: 13      XL:     11   Next: 36%
Magic:  16/16      EV: 12    Int: 12 (13) God:    Xom [....*.]
Gold:   615        SH:  0    Dex: 12 (13) Spells: 1 memorised, 11 levels left

rFire  . . .     SeeInvis .     (weapon currently unavailable)
rCold  . . .     Gourm    .     (armour unavailable)
rNeg   . . .     Faith    .     (shield currently unavailable)
rPois  +         Spirit   .     (helmet currently unavailable)
rElec  .         Reflect  .     (cloak currently unavailable)
rCorr  .         Harm     .     (gloves currently unavailable)
MR     .....                    (boots currently unavailable)
Stlth  +.........               g - amulet of magic regeneration
                                E - ring of poison resistance
                                L - +2 ring of evasion

@: confused, hydra-form, slowed, very slow
A: (spit acid), (acid resistance), unfitting armour, (cold resistance 0),
deterioration 1, (fire resistance 0), frail 1, high mp 1, sense surroundings 1,
(shaggy fur 0), weak 1, (cold-blooded), MP-powered wands, AC +7
a: Renounce Religion


You were on level 10 of the Dungeon.
You worshipped Xom.
You were a beloved toy of Xom.
You were hungry.
You were a six-headed hydra.
You visited 1 branch of the dungeon, and saw 10 of its levels.

You collected 615 gold pieces.

Inventory:

Hand Weapons
 a - a +1 mace of chaos
 o - a +1 short sword of draining
 s - a +2 dire flail of protection
 B - a +1 trident of chaos
 C - a +4 halberd of chaos (melded)
 O - a +0 glaive
Armour
 A - a +0 pair of gloves (melded)
 D - a +0 pair of boots (melded)
 K - the +2 cloak of the Ward (melded) {*Slow rF+ Dex+3 Stlth+}
   (You found it on level 8 of the Dungeon)

   It affects your dexterity (+3).
   It protects you from fire.
   It may slow you when you take damage.
   It makes you more stealthy.
Rods
 M - a +0 rod of clouds (12/12)
   (You found it on level 9 of the Dungeon)
Jewellery
 g - an amulet of magic regeneration (around neck)
 v - an uncursed ring of see invisible
 E - a ring of poison resistance (right foreclaw)
 L - a +2 ring of evasion (left foreclaw)
 R - a +2 ring of strength {unknown}
 T - an uncursed ring of protection from fire {unknown}
Wands
 F - a wand of paralysis (5/24)
 N - a wand of confusion (12/48)
 S - a wand of digging (7/24)
Scrolls
 d - a scroll of enchant weapon
 e - 2 scrolls of fog {unknown}
 h - a scroll of remove curse {unknown}
 i - a scroll of immolation {unknown}
 k - 2 scrolls of recharging
 p - 4 scrolls of teleportation
 q - 6 scrolls of identify
 r - a scroll of fear {unknown}
 u - 2 scrolls of amnesia
 x - 2 scrolls of enchant armour {unknown}
 Q - a scroll of noise {unknown}
Potions
 c - a potion of might {unknown}
 j - a potion of invisibility
 m - 2 potions of heal wounds {unknown}
 n - a potion of haste
 t - a potion of agility
 w - a potion of cancellation {unknown}
 z - a potion of degeneration {unknown}
 J - a potion of brilliance {unknown}
Books
 l - a book of Misfortune

   Spells                             Type                      Level
   a - Confusing Touch                Hexes                        1
   b - Confuse                        Hexes                        3
   c - Gell's Gravitas                Hexes/Translocation          3
   d - Petrify                        Transmutation/Earth          4
   e - Metabolic Englaciation         Hexes/Ice                    5
   f - Yara's Violent Unravelling     Hexes/Transmutation          5
 y - a book of Cantrips

   Spells                             Type                      Level
   a - Confusing Touch                Hexes                        1
   b - Animate Skeleton               Necromancy                   1
   c - Summon Small Mammal            Summoning                    1
   d - Apportation                    Translocation                1
 H - a book of Ice

   Spells                             Type                      Level
   a - Ice Form                       Ice/Transmutation            4
   b - Metabolic Englaciation         Hexes/Ice                    5
   c - Ozocubu's Refrigeration        Ice                          6
   d - Bolt of Cold                   Conjuration/Ice              6
   e - Freezing Cloud                 Conjuration/Ice/Air          6
   f - Simulacrum                     Ice/Necromancy               6
 I - a book of Conjurations

   Spells                             Type                      Level
   a - Magic Dart                     Conjuration                  1
   b - Searing Ray                    Conjuration                  2
   c - Dazzling Spray                 Conjuration/Hexes            3
   d - Fulminant Prism                Conjuration/Hexes            4
   e - Iskenderun's Mystic Blast      Conjuration                  4
   f - Iskenderun's Battlesphere      Conjuration/Charms           5
 P - a book of Debilitation

   Spells                             Type                      Level
   a - Corona                         Hexes                        1
   b - Slow                           Hexes                        2
   c - Gell's Gravitas                Hexes/Translocation          3
   d - Inner Flame                    Hexes/Fire                   3
   e - Cause Fear                     Hexes                        4
   f - Leda's Liquefaction            Hexes/Earth                  4
Comestibles
 b - 8 bread rations
 f - 4 meat rations
 G - 2 beef jerkies
 U - 5 fruits


   Skills:
 + Level 7.2 Fighting
 + Level 7.0 Maces & Flails
 * Level 12.4 Polearms
 + Level 5.6 Dodging
 + Level 4.7 Stealth
 + Level 2.4 Spellcasting
 + Level 4.0 Hexes
 + Level 0.2 Evocations


You had 11 spell levels left.
You knew the following spells:

 Your Spells              Type           Power        Failure   Level  Hunger
a - Confuse               Hex            ##......     17%         3    ####...


Dungeon Overview and Level Annotations

Branches:
Dungeon (10/15)            Temple (0/1) D:5            Lair (0/6) D:9
    Orc: D:9-12

Altars:
Dithmenos
Fedhas
Kikubaaqudgha
Qazlal
Ru
Trog
Uskayaw
Xom
Yredelemnul
The Shining One

Annotations:
D:10 Fannar


Innate Abilities, Weirdness & Mutations

((You can spit globs of acid.))
((You are resistant to acid.))
((Your golden yellow scales are hard. (AC +7)))
You cannot fit into any form of body armour.
((You are cold-blooded and may be slowed by cold attacks.))
((Your flesh is cold resistant. (rC+)))
Your body sometimes deteriorates upon taking damage.
((Your flesh is heat resistant. (rF+)))
You are frail. (-10% HP)
You have an increased reservoir of magic. (+10% MP)
You passively map a small area around you.
((You are covered in fur. (AC +1)))
You are weak. (Str -2)
You expend magic power (3 MP) to strengthen your wands.


Message History

You bump into the rock wall.
The fire crab bites you!
You are engulfed in flames!
* * * LOW HITPOINT WARNING * * *
Your body deteriorates!
You feel clumsy. The fire crab claws you.
* * * LOW HITPOINT WARNING * * *
You are engulfed in flames!
* * * LOW HITPOINT WARNING * * *
Your body deteriorates!
You feel dopey. The sphinx hits you but does no damage. The sphinx hits you.
* * * LOW HITPOINT WARNING * * *
The sphinx hits you but does no damage.
The sphinx mumbles some strange words.
You barely resist.
The fire crab bites you but does no damage.
The fire crab claws you.
* * * LOW HITPOINT WARNING * * *
You are engulfed in flames!
You die...
Xom thinks this is hilarious!

##############
#............#
##[..8####8...#
#....'....'...#
#....8#..#8...##
#########..####'D####..#
.....##....# ,#tH# #..#
.....##....# #..#, #..#
......#....#, #..#_,#..#
..........)#, #..# #..#
...).#.....##,.... ##).#
(....#......########))(#
#######.............(..#
#..........(.(...#


You could see a sphinx and a fire crab.

Vanquished Creatures
  Harold (D:10)
  A centaur warrior (D:10)
  The ghost of greenice the Fencer, a novice MiFi of Okawaru (D:9)
  2 hill giants (D:10)
  An orb spider (shapeshifter) (D:9)
  An elephant (D:9)
  A gargoyle (D:10)
  A polar bear (D:10)
  Prince Ribbit (D:7)
  A hippogriff (D:8)
  A wyvern (D:8)
  A spriggan (D:10)
  A wraith (D:10)
  A fire bat (D:10)
  Duvessa (D:7)
  A water moccasin (D:7)
  A black bear (D:9)
  2 orc warriors
  5 ice beasts
  A phantom (D:8)
  An eye of draining (D:10)
  5 ogres
  3 centaurs
  A big kobold (D:7)
  10 bullfrogs
  Dowan (D:7)
  A wyvern skeleton (D:9)
  4 scorpions
  11 wights
  12 killer bees
  5 crimson imps
  2 howler monkeys (D:7)
  2 hounds
  6 jellies
  6 orc wizards
  An orc priest (D:5)
  3 bullfrog skeletons
  5 iguanas
  10 worker ants
  3 hound skeletons
  Robin (D:3)
  A howler monkey zombie (D:6)
  A worker ant zombie (D:7)
  5 gnolls
  2 river rats (D:6)
  12 adders
  2 shadow imps
  2 oozes
  3 adder skeletons (D:5)
  An adder zombie (D:9)
  3 worms
  A dart slug (D:2)
  6 leopard geckos
  33 orcs
  12 bats
  2 giant cockroaches
  2 gnoll zombies (D:2)
  11 goblins
  9 hobgoblins
  13 jackals
  5 quokkas
  6 ball pythons
  8 frilled lizards
  A jackal zombie (D:7)
  13 kobolds
  A leopard gecko zombie (D:6)
  9 rats
  A plant (D:9)
284 creatures vanquished.

Vanquished Creatures (collateral kills)
  A phantom (D:6)
  A howler monkey (D:10)
  A bullfrog skeleton (D:10)
  An iguana (D:6)
4 creatures vanquished.

Vanquished Creatures (others)
  A hippogriff (D:8)
  11 plants (D:9)
12 creatures vanquished.

Grand Total: 300 creatures vanquished

Notes
Turn   | Place    | Note
-------+----------+-------------------------------------------
     0 | D:1      | doot the Draconian Chaos Knight began the quest for the Orb.
     0 | D:1      | Reached XP level 1. HP: 19/19 MP: 1/1
   112 | D:1      | XOM: divination: magic mapping
   167 | D:1      | Reached XP level 2. HP: 24/26 MP: 2/2
   441 | D:1      | XOM: harmless Air miscast
   553 | D:1      | XOM: divination: detect creatures
   640 | D:1      | Reached XP level 3. HP: 33/33 MP: 3/3
   891 | D:1      | XOM: god gift: scroll labeled MACLO QARPHETEOHAL {god gift}
  1217 | D:2      | XOM: noise
  1242 | D:2      | Found a basalt altar of Yredelemnul.
  1546 | D:2      | XOM: harmless Ice miscast
  1616 | D:2      | Found a stormy altar of Qazlal.
  1696 | D:2      | Reached XP level 4. HP: 40/40 MP: 4/4
  1753 | D:2      | XOM: divination: detect items
  1979 | D:2      | Learned a level 3 spell: Confuse
  2126 | D:3      | XOM: potion effect (agility)
  2333 | D:3      | Reached XP level 5. HP: 42/46 MP: 5/5
  2336 | D:3      | Reached skill level 1 in Hexes
  2342 | D:3      | Noticed Robin
  2352 | D:3      | Killed Robin
  2361 | D:3      | XOM: 3-stop teleportation journey
  2784 | D:3      | XOM: enchant monster (good)
  2910 | D:2      | XOM: harmless Hex miscast
  3260 | D:4      | Reached skill level 1 in Stealth
  3388 | D:4      | Found a blossoming altar of Fedhas.
  3618 | D:4      | XOM: summons 2 hostile demons
  3638 | D:4      | XOM: smoke on damage
  3841 | D:4      | Reached skill level 5 in Maces & Flails
  3958 | D:4      | XOM: noise
  3960 | D:4      | XOM: confusion (+ monsters)
  3973 | D:4      | XOM: harmless Chrm miscast
  3981 | D:4      | Reached XP level 6. HP: 40/53 MP: 6/6
  4481 | D:4      | XOM: 6-stop teleportation journey
  4789 | D:4      | Found a hide-covered altar of Uskayaw.
  4896 | D:4      | XOM: enchant monster (bad)
  5293 | D:4      | XOM: noise
  5383 | D:4      | XOM: mild Chrm miscast
  5486 | D:5      | Entered Level 5 of the Dungeon
  5553 | D:5      | Found a staircase to the Ecumenical Temple.
  5837 | D:4      | Your scales start taking on a golden yellow colour.
  5837 | D:4      | Reached XP level 7. HP: 55/60 MP: 7/7
  5961 | D:5      | XOM is BORED!
  6122 | D:5      | XOM: harmless Pois miscast
  6149 | D:5      | Found a shadowy altar of Dithmenos.
  6160 | D:5      | XOM: 4-stop teleportation journey
  6175 | D:5      | XOM: confusion
  6183 | D:5      | XOM: harmless Divn miscast
  6366 | D:5      | Found a glowing golden altar of the Shining One.
  6368 | D:5      | Found a sacrificial altar of Ru.
  6372 | D:5      | XOM: summons 1 hostile shadow creature
  6516 | D:5      | XOM: confusion
  6537 | D:5      | Reached skill level 1 in Spellcasting
  6845 | D:5      | XOM: chaos upgrade
  6852 | D:5      | XOM: chaos upgrade
  6977 | D:5      | Found a shadowy altar of Dithmenos.
  6977 | D:5      | Found an ancient bone altar of Kikubaaqudgha.
  7271 | D:6      | Reached XP level 8. HP: 67/67 MP: 3/9
  7419 | D:6      | XOM: noise
  7421 | D:6      | Reached skill level 1 in Polearms
  7430 | D:6      | Reached skill level 5 in Fighting
  7433 | D:6      | XOM: harmless Summ miscast
  7434 | D:6      | Reached skill level 2 in Polearms
  7438 | D:6      | XOM: blink monster(s)
  7497 | D:6      | XOM: give mutations
  7497 | D:6      | Gained mutation: Your body sometimes deteriorates upon taking damage. [Xom's mischief]
  7497 | D:6      | Gained mutation: Your flesh is heat resistant. (rF+) [Xom's mischief]
  7627 | D:6      | XOM: god gift: 54 gold pieces
  7661 | D:6      | XOM: scenery: create altars
  7730 | D:6      | Reached skill level 3 in Polearms
  7742 | D:6      | XOM: cast spell 'Summon Mana Viper'
  7798 | D:6      | XOM: cloud trail
  8250 | D:6      | XOM: summons 2 friendly demons
  8264 | D:6      | Reached skill level 4 in Polearms
  8283 | D:6      | XOM: scenery: create altars
  8339 | D:7      | XOM: cloud trail
  8353 | D:7      | XOM: harmless Conj miscast
  8399 | D:7      | Reached skill level 5 in Polearms
  8521 | D:7      | XOM: noise
  8587 | D:7      | Reached XP level 9. HP: 56/74 MP: 4/11
  8763 | D:7      | XOM: silly message
  8772 | D:7      | XOM: harmless Necr miscast
  8782 | D:7      | XOM: divination: detect creatures
  8804 | D:7      | XOM: potion effect (curing)
  8814 | D:7      | Reached skill level 6 in Polearms
  8860 | D:7      | XOM: silly message
  9216 | D:7      | XOM: silly message
  9222 | D:7      | Noticed Duvessa
  9248 | D:7      | Killed Duvessa
  9250 | D:7      | Noticed Dowan
  9262 | D:7      | Killed Dowan
  9288 | D:7      | Reached skill level 7 in Polearms
  9611 | D:7      | Noticed Prince Ribbit
  9611 | D:7      | XOM: enchant monster (good)
  9616 | D:7      | Killed Prince Ribbit
  9676 | D:7      | Reached skill level 8 in Polearms
 10088 | D:8      | Got a steaming cloak
 10094 | D:8      | Identified the +2 cloak of the Ward {*Slow rF+ Dex+3 Stlth+} (You found it on level 8 of the Dungeon)
 10099 | D:8      | Found a bloodstained altar of Trog.
 10225 | D:8      | Reached skill level 5 in Dodging
 10288 | D:8      | Reached skill level 9 in Polearms
 10363 | D:8      | XOM: butterfly on damage
 10374 | D:8      | Reached XP level 10. HP: 65/83 MP: 12/12
 10501 | D:8      | XOM: cast spell 'Discord'
 10752 | D:9      | Noticed a five-headed hydra
 10944 | D:9      | Noticed greenice's ghost (novice MiFi)
 10955 | D:9      | XOM: 1-stop teleportation journey
 10989 | D:9      | XOM: give mutations
 10989 | D:9      | Gained mutation: You are dopey. (Int -2) [Xom's mischief]
 10989 | D:9      | Gained mutation: You are covered in fur. (AC +1) [Xom's mischief]
 11126 | D:9      | Noticed Joseph
 11137 | D:9      | XOM: butterfly on damage
 11141 | D:9      | Noticed Joseph
 11141 | D:9      | Joseph changed into Joseph the orb spider
 11143 | D:9      | Killed Joseph the orb spider
 11167 | D:9      | Gained mutation: Your body often deteriorates upon taking damage. [mutagenic meat]
 11169 | D:9      | Gained mutation: You passively map a small area around you. [mutagenic meat]
 11170 | D:9      | Gained mutation: You are frail. (-10% HP) [mutagenic meat]
 11225 | D:9      | Lost mutation: Your body often deteriorates upon taking damage. [potion of cure mutation]
 11225 | D:9      | Lost mutation: You are frail. (-10% HP) [potion of cure mutation]
 11484 | D:9      | XOM: chaos cloud
 11495 | D:9      | XOM: butterfly on damage
 11498 | D:9      | Noticed an elephant
 11498 | D:9      | a komodo dragon changed into an elephant
 11520 | D:9      | XOM: confuse monster(s)
 11529 | D:9      | Killed an elephant
 11529 | D:9      | Reached skill level 10 in Polearms
 11999 | D:9      | Killed greenice's ghost
 12000 | D:9      | Identified a +0 rod of clouds (12/12) (You found it on level 9 of the Dungeon)
 12066 | D:9      | Found a staircase to the Lair.
 12232 | D:9      | 5 head hydra
 12328 | D:10     | Entered Level 10 of the Dungeon
 12405 | D:10     | Noticed a hill giant
 12450 | D:9      | XOM: scenery: create altars
 12518 | D:9      | Noticed an eye of devastation
 12518 | D:9      | a hill giant changed into an eye of devastation
 12518 | D:9      | XOM: polymorph hill giant -> eye of devastation
 12693 | D:8      | XOM: draining
 12762 | D:9      | Reached skill level 11 in Polearms
 13150 | D:10     | XOM: mild Divn miscast
 13324 | D:10     | Noticed Fannar
 13326 | D:10     | XOM: scenery: create altars
 13333 | D:10     | XOM: silly message
 13339 | D:10     | XOM: noise
 13393 | D:9      | XOM: cast spell 'Summon Small Mammal'
 13405 | D:9      | XOM: harmless Fire miscast
 13414 | D:9      | XOM: divination: detect items
 13439 | D:9      | XOM: destruction
 13482 | D:9      | XOM: harmless Divn miscast
 13492 | D:9      | XOM: confusion (+ monsters)
 13507 | D:9      | XOM: noise
 13512 | D:9      | XOM: confusion
 13519 | D:9      | XOM: potion effect (might)
 13550 | D:9      | XOM: snakes to sticks
 13552 | D:9      | XOM: summons 2 friendly demons
 13607 | D:10     | XOM: destruction
 13609 | D:10     | XOM: summons friendly ufetubus
 13651 | D:10     | XOM: scenery: 1 doors close
 13687 | D:10     | Noticed a hill giant
 13696 | D:10     | XOM: divination: magic mapping
 13718 | D:10     | XOM: noise
 13723 | D:10     | Noticed a hill giant
 13731 | D:10     | Killed a hill giant
 13731 | D:10     | Reached XP level 11. HP: 74/91 MP: 14/14
 13738 | D:10     | XOM: confuse monster(s)
 13744 | D:10     | Killed a hill giant
 14009 | D:10     | Noticed Harold
 14014 | D:10     | XOM: potion effect (might)
 14022 | D:10     | Killed Harold
 14158 | D:10     | Noticed a centaur warrior
 14201 | D:10     | Killed a centaur warrior
 14201 | D:10     | Reached skill level 12 in Polearms
 14239 | D:10     | XOM: mild Tloc miscast
 14303 | D:10     | Found a large runed door.
 14304 | D:10     | Found a large runed door.
 14317 | D:10     | XOM: blink monster(s)
 14615 | D:10     | XOM: polymorph sky beast -> fire bat
 14635 | D:10     | Gained mutation: You are weak. (Str -2) [mutagenic meat]
 14636 | D:10     | Gained mutation: You are frail. (-10% HP) [mutagenic meat]
 14637 | D:10     | Gained mutation: You expend magic power (3 MP) to strengthen your wands. [mutagenic meat]
 14646 | D:10     | XOM: give mutations
 14646 | D:10     | Gained mutation: You have an increased reservoir of magic. (+10% MP) [Xom's grace]
 14646 | D:10     | Gained mutation: Your flesh is cold resistant. (rC+) [Xom's grace]
 14646 | D:10     | Lost mutation: You are dopey. (Int -2) [Xom's grace]
 14655 | D:10     | XOM: cast spell 'Hydra Form'
 14658 | D:10     | Noticed a fire crab
 14658 | D:10     | Noticed a sphinx
 14663 | D:10     | HP: 4/106 [sphinx (2)]
 14663 | D:10     | Mangled by a fire crab

Skill      XL: |  1  2  3  4  5  6  7  8  9 10 11 |
---------------+----------------------------------+-----
Fighting       | 4 5 6 7 |  7.2
Maces & Flails | 4 5 6 7 |  7.0
Hexes          | 1 2 3 4 |  4.0
Stealth        | 1 2 3 4 |  4.7
Dodging        | 3 4 5 |  5.6
Spellcasting   | 1 2 |  2.4
Polearms       | 5 9 11 12 | 12.4
Evocations     | |  0.2

Action                   |  1- 3 |  4- 6 |  7- 9 | 10-12 || total
-------------------------+-------+-------+-------+-------++-------
Melee: Mace              |   112 |   276 |   101 |       ||   489
       Tailslap          |     8 |    29 |    41 |    32 ||   110
       Halberd           |       |       |   278 |   279 ||   557
       Trident           |       |       |     2 |       ||     2
       Unarmed           |       |       |       |     5 ||     5
 Cast: Confuse           |       |     3 |    12 |     6 ||    21
 Abil: Spit Acid         |       |       |    17 |    17 ||    34
Evoke: Wand              |       |       |       |     1 ||     1
  Use: Scroll            |     1 |     1 |       |     4 ||     6
       Potion            |       |     1 |     1 |     5 ||     7
 Stab: Sleeping          |     1 |     1 |     6 |     9 ||    17
       Paralysed         |       |     2 |     1 |     3 ||     6
       Confused          |       |     1 |     3 |     2 ||     6
       Petrifying        |       |     1 |     1 |       ||     2
       Distracted        |       |     1 |     3 |     3 ||     7
       Petrified         |       |     1 |       |       ||     1
  Eat: Chunk             |     2 |     9 |    17 |    21 ||    49
       Royal jelly       |       |     1 |       |     1 ||     2
       Fruit             |       |     1 |     5 |     2 ||     8
       Beef jerky        |       |     1 |       |       ||     1
Armor: Skin              |    42 |    89 |   111 |    89 ||   331
Dodge: Dodged            |    95 |   235 |   266 |   263 ||   859
